 Dungeon Crawl Stone Soup version 0.29-a0-555-g3b24f45cc1 (webtiles) character file.

Game seed: 9382146843790507773

0 Hubjo the Insei (level 1, -1/15 HPs)
             Began as a Demonspawn Transmuter on June 7, 2022.
             Slain by a quokka (3 damage)
             ... on level 1 of the Dungeon.
             The game lasted 00:00:12 (117 turns).

Hubjo the Insei (Demonspawn Transmuter)              Turns: 117, Time: 00:00:13

Health: -1/15      AC:  2    Str: 10    XL:     1   Next: 8%
Magic:  2/3        EV: 12    Int: 14    God:
Gold:   5          SH:  0    Dex: 13    Spells: 3/4 levels left

rFire   . . .      SeeInvis .     - Unarmed
rCold   . . .      Faith    .   (no shield)
rNeg    . . .      Spirit   .   a - +0 robe
rPois   .          Reflect  .   (helmet currently unavailable)
rElec   .          Harm     .   (no cloak)
rCorr   .          Rampage  .   (no gloves)
Will    .....                   (boots currently unavailable)
Stlth   +.........              (no amulet)
HPRegen 0.05/turn               (no ring)
MPRegen 0.08/turn               (no ring)

@: appendages (expiring)
A: horns 2, talons 2
a: End Transformation


You were on level 1 of the Dungeon.
You had temporarily grown beastly horns and talons.
You visited 1 branch of the dungeon, and saw 1 of its levels.

You collected 5 gold pieces.

Inventory:

Armour
 a - a +0 robe (worn)
Potions
 b - a potion of lignification


   Skills:
 * Level 1.0 Fighting
 - Level 1.7 Dodging
 + Level 0.0 Stealth
 + Level 2.6 Unarmed Combat
 + Level 2.0 Spellcasting
 + Level 1.7 Transmutations


You had 3 spell levels left.
You knew the following spells:

 Your Spells              Type           Power      Damage    Failure   Level
a - Beastly Appendage     Tmut           12%        N/A       12%         1

Your spell library contained the following spells:

 Spells                   Type           Power      Damage    Failure   Level
 Wereblood                Tmut           6%         N/A       17%         2
 Sublimation of Blood     Necr           1%         N/A       34%         2
 Spider Form              Tmut/Pois      3%         N/A       45%         3
 Ice Form                 Ice/Tmut       3%         N/A       86%         4
 Summon Lightning Spire   Summ/Air       1%         N/A       93%         4
 Summon Mana Viper        Hex/Summ       1%         N/A       100%        5
 Malign Gateway           Summ/Tloc      0%         N/A       100%        7
 Summon Hydra             Summ           0%         N/A       100%        7


Dungeon Overview and Level Annotations

Branches:
Dungeon (1/15)

Altars:

Shops:
D:1 (


Innate Abilities, Weirdness & Mutations

You have temporarily grown beastly horns and talons.


Message History

You add the spells Sublimation of Blood and Summon Hydra to your library.
You pick up the Papyrus of Summoning and begin reading...
You add the spells Summon Lightning Spire, Summon Mana Viper and Malign Gateway to your library.
A quokka and a dart slug come into view.
Found a leather armour.
Found an escape hatch in the floor.
The quokka moves out of view.
A dart slug is nearby!
A dart slug is nearby!
A dart slug is nearby!
A dart slug is nearby!
A dart slug is nearby!
A dart slug is nearby!
You grow a pair of large bovine horns.
Your feet morph into talons.
A hobgoblin comes into view.
The quokka barely misses you.
You miss the quokka. Your kick misses the quokka. The quokka bites you.
You hit the quokka but do no damage. The quokka completely misses you.
You barely miss the quokka. Your headbutt misses the quokka.
The quokka bites you but does no damage.
The dart slug completely misses you.
You hit the quokka. You headbutt the quokka.
The quokka is moderately wounded.
The hobgoblin shouts!
The quokka barely misses you. The dart slug barely misses you.
You hit the quokka but do no damage. Your headbutt misses the quokka.
The quokka is moderately wounded.
Your transformation is almost over.
The quokka bites you. x2
You are too injured to fight recklessly!
You hit the dart slug.
The dart slug is lightly wounded.
The dart slug bites you.
* * * LOW HITPOINT WARNING * * *
A quokka comes into view.
The quokka bites you.
* * * LOW HITPOINT WARNING * * *
You hit the dart slug. You claw the dart slug.
The dart slug is severely wounded.
The quokka bites you.
You die...

#..................#
##############.#.###
#...# #.#..# #...#
#..#.# #...# ##.#.#
#...########...#
+..............#
...###......######..#
......r@.##.#######.#
.[....#w###...........
..... #.#
#########...# ##.. #g#
...# #. #>. ...# # ...
.# .r. ....


You could see a dart slug, 2 quokkas and a hobgoblin.

Vanquished Creatures
  A rat (D:1)
1 creature vanquished.

Notes
Turn   | Place    | Note
-------+----------+-------------------------------------------
     0 | D:1      | Hubjo the Demonspawn Transmuter began the quest for the
                  | Orb.
     0 | D:1      | Reached XP level 1. HP: 15/15 MP: 3/3
     9 | D:1      | Found Umuuro's Antique Weapon Emporium.
    97 | D:1      | Got the Papyrus of Summoning
   117 | D:1      | Slain by a quokka

Illustrated notes

Levels and vault maps discovered:
D:1:      amcnicky_arrival_single_pillar, layout_basic, serial_shops, shop,
          st_stairs_7

Action                   || total
-------------------------++-------
Melee: Unarmed           ||    18
       Kick              ||     3
       Headbutt          ||     1
 Cast: Beastly Appendage ||     2
Armor: Robe              ||     1
Dodge: Dodged            ||    13

Table legend: (Time is in decaauts)
 A = Elapsed time spent in this place.
 B = Non-inter-level travel time spent in this place.
 C = Inter-level travel time spent in this place.
 D = Time resting spent in this place.
 E = Time spent auto-exploring this place.
 F = Levels seen in this place.
 G = Mean time per level.
                   A        B        C        D        E       F      G
               +--------+--------+--------+--------+--------+-----+--------+
         Total |    116 |    116 |      0 |      0 |     87 |   1 |  116.0 |
       Dungeon |    116 |    116 |      0 |      0 |     87 |   1 |  116.0 |
               +--------+--------+--------+--------+--------+-----+--------+

Top non-repeatable levels by time:
     D:1: 116 daAuts
